 Dungeon Crawl Stone Soup version 0.30.1-4-g462c640d31 (webtiles) character file.

Game seed: 3494354807584272109

178 booth the Chopper (level 5, -1/47 HPs)
             Began as a Hill Orc Monk on Sept 7, 2023.
             Was a Believer of Beogh.
             Slain by a gnoll
             ... wielding a +0 halberd
             ... led by a gnoll bouda
              (9 damage)
             ... on level 4 of the Dungeon.
             The game lasted 00:12:57 (2327 turns).

booth the Chopper (Hill Orc Monk)                   Turns: 2327, Time: 00:12:57

Health: -1/47      AC:  7    Str: 16      XL:     5   Next: 58%
Magic:  3/5        EV: 11    Int:  9 (10) God:    Beogh [**....]
Gold:   117        SH:  0    Dex: 10 (13) Spells: 4/4 levels left

rFire   . . .        a - +1 hand axe
rCold   . . .        d - orb {light}
rNeg    . . .        o - +0 ring mail
rPois   .            (no helmet)
rElec   .            (no cloak)
rCorr   .            j - +1 pair of gloves
SInv    .            (no boots)
Will    .....        (no amulet) Stlth
                     (no ring)
HPRegen 0.27/turn    (no ring)
MPRegen 0.09/turn

%: no passive effects
@: glowing
A: no striking features
a: Renounce Religion, Smiting


You were on level 4 of the Dungeon.
You worshipped Beogh.
Beogh was pleased with you.
You visited 1 branch of the dungeon, and saw 4 of its levels.

You collected 117 gold pieces.

Inventory:

Hand Weapons
 a - a +1 hand axe (weapon)
 f - a +0 mace
Missiles
 q - 4 poisoned darts (quivered)
Armour
 d - an orb of light (worn)
 j - a +1 pair of gloves (worn)
 o - a +0 ring mail (worn)
Jewellery
 h - a ring of wizardry
 m - a ring of magical power
Scrolls
 i - a scroll of enchant weapon
Potions
 c - a potion of ambrosia
 g - 4 potions of haste
 k - 2 potions of brilliance
 n - a potion of lignification


   Skills:
 + Level 4.6 Fighting
 * Level 5.9(6.2) Axes
 + Level 2.1(3.8) Maces & Flails
 + Level 3.1 Dodging


You had 4 spell levels left.
You didn't know any spells.
Your spell library was empty.

Dungeon Overview and Level Annotations

Branches:
Dungeon (4/15)
 Temple: D:4-7

Altars:


Message History

The hound zombie barely misses you.
The gnoll hits you from afar with a +0 halberd!
You hit the centaur zombie.
The centaur zombie is moderately damaged.
You barely miss the hound zombie. The hound zombie misses you.
The centaur zombie hits you. The centaur zombie kicks you.
The hound zombie barely misses you. The centaur zombie misses you.
The centaur zombie barely misses you. The gnoll barely misses you.
You hit the centaur zombie but do no damage.
The centaur zombie is moderately damaged.
You hit the hound zombie. The centaur zombie barely misses you.
The centaur zombie kicks you but does no damage.
The hound zombie bites you but does no damage.
The gnoll misses you.
You hit the centaur zombie.
The centaur zombie is heavily damaged.
You hit the hound zombie. The centaur zombie hits you.
The centaur zombie closely misses you.
The hound zombie bites you but does no damage.
The gnoll hits you from afar with a +0 halberd.
* * * LOW HITPOINT WARNING * * *
You hit the centaur zombie.
The centaur zombie is heavily damaged.
You completely miss the hound zombie.
The centaur zombie hits you but does no damage.
The centaur zombie kicks you.
* * * LOW HITPOINT WARNING * * *
The hound zombie bites you.
* * * LOW HITPOINT WARNING * * *
The gnoll closely misses you.
Okay, then.
As you read the scroll labelled CIBOSU ABRE, it crumbles to dust.
The creatures around you are filled with an inner flame!
It was a scroll of immolation.
The centaur zombie barely misses you. The centaur zombie closely misses you.
The hound zombie barely misses you. The hound zombie closely misses you.
The centaur zombie hits you but does no damage.
The centaur zombie misses you.
The gnoll hits you from afar with a +0 halberd!
You die...

#..#
#..###
#....####
#........
#.##.####
#.##.#
#....#
#Z##.#
#@# ..
#Z# Z..
#g# ..
#.# .
#...g....
####g##.#
.# .. ..


You could see a gnoll (inner flame), a hound zombie (inner flame) and a centaur
zombie (inner flame).

Vanquished Creatures
  A gnoll bouda (D:4)
  Terence (D:2)
  An iguana (D:3)
  A hound zombie (D:4)
  2 gnolls (D:4)
  2 adders (D:3)
  4 dart slugs
  An orc (D:3)
  5 endoplasms
  4 goblins
  4 hobgoblins
  3 quokkas
  5 ball pythons
  3 bats
  2 frilled lizards (D:1)
  A kobold (D:3)
  3 rats (D:3)
43 creatures vanquished.

Notes
Turn   | Place    | Note
-------+----------+-------------------------------------------
     0 | D:1      | booth the Hill Orc Monk began the quest for the Orb.
     0 | D:1      | Reached XP level 1. HP: 19/19 MP: 1/1
   195 | D:1      | Reached XP level 2. HP: 27/27 MP: 2/2
   390 | D:1      | You fall into a shaft and drop 1 floor!
   780 | D:2      | Noticed Terence
   789 | D:2      | Killed Terence
   790 | D:2      | Reached skill level 1 in Maces & Flails
   790 | D:2      | Reached XP level 3. HP: 23/33 MP: 3/3
   978 | D:2      | Reached skill level 5 in Axes
  1428 | D:3      | Reached XP level 4. HP: 19/41 MP: 4/4
  1969 | D:3      | Became a worshipper of Beogh the Brigand
  1969 | D:3      | Reached * piety under Beogh
  1969 | D:3      | Reached ** piety under Beogh
  2084 | D:3      | Reached XP level 5. HP: 47/47 MP: 5/5
  2327 | D:4      | Slain by a gnoll

Illustrated notes

Levels and vault maps discovered:
D:1:      co_arrival_two_rings, layout_rooms
D:2:      layout_basic, uniq_terence
D:3:      layout_basic, dk_noncrumbling_2
D:4:      layout_loops_ring, old_standard_altar, tso_altar, serial_undead,
          serial_undead_a, serial_undead_a, serial_undead_a, serial_undead_a,
          serial_undead_a, serial_undead_d

Skill      XL: |  1  2  3  4  5 |
---------------+----------------+-----
Fighting       | 4 |  4.6
Maces & Flails | 1 2 |  2.1
Axes           | 5 |  5.9
Dodging        | 3 |  3.1

Action                     |  1- 3 |  4- 6 || total
---------------------------+-------+-------++-------
  Melee: Hand axe          |    77 |    74 ||   151
 Invoke: Convert to Beogh  |       |     1 ||     1
         Smiting           |       |     1 ||     1
    Use: Scroll            |     6 |     6 ||    12
         Potion            |     1 |     1 ||     2
 Armour: Robe              |    13 |       ||    13
         Ring mail         |     4 |    28 ||    32
  Dodge: Dodged            |    45 |    47 ||    92
